 Dungeon Crawl Stone Soup version 0.18-a0-1797-gc18daef (webtiles) character file.

53 4thArraOfDagon the Firebug (level 3, -1/19 HPs)
             Began as a Deep Elf Fire Elementalist on Apr 22, 2016.
             Slain by a giant frog skeleton (4 damage)
             ... on level 5 of the Dungeon.
             The game lasted 00:02:49 (389 turns).

4thArraOfDagon the Firebug (DEFE)                    Turns: 389, Time: 00:02:50

Health: -1/19      AC:  7    Str:  5    XL:     3   Next: 64%
Magic:  1/9        EV: 13    Int: 25    God:
Gold:   50         SH:  0    Dex: 15    Spells: 2 memorised, 4 levels left

rFire  . . .     SeeInvis +     j - +0 trident
rCold  . . .     Gourm    .     a - +0 robe
rNeg   . . .     Faith    .     (no shield)
rPois  .         Spirit   .     k - +2 helmet
rElec  .         Dismiss  .     h - +0 cloak
rCorr  .         Reflect  .     (no gloves)
SustAt .         Harm     .     g - +0 pair of boots
MR     .....                    (no amulet)
Stlth  ++........               (no ring)
                                l - ring of see invisible

@: brilliant, not resistant to hostile enchantments, unstealthy
A: no striking features
a: no special abilities


You were on level 5 of the Dungeon.
You were not hungry.

You visited 1 branch of the dungeon, and saw 5 of its levels.

You collected 50 gold pieces.

Inventory:

Hand Weapons
 j - a +0 trident (weapon)
Armour
 a - a +0 robe (worn)
 g - a +0 pair of boots (worn)
 h - a +0 cloak (worn)
 k - a +2 helmet (worn)
Jewellery
 l - a ring of see invisible (left hand)
Scrolls
 d - 2 scrolls of magic mapping {unknown}
 e - 3 scrolls of identify {unknown}
 i - 2 scrolls of amnesia {unknown}
Books
 b - a book of Flames

   Spells                             Type                      Level
   a - Flame Tongue                   Conjuration/Fire             1
   b - Throw Flame                    Conjuration/Fire             2
   c - Conjure Flame                  Conjuration/Fire             3
   d - Inner Flame                    Hexes/Fire                   3
   e - Sticky Flame                   Conjuration/Fire             4
   f - Fireball                       Conjuration/Fire             5
Comestibles
 c - a bread ration
 f - 2 meat rations


   Skills:
 - Level 2.4 Dodging
 - Level 2.4 Stealth
 - Level 3.0 Spellcasting
 * Level 2.9 Conjurations
 * Level 4.2 Fire Magic


You had 4 spell levels left.
You knew the following spells:

 Your Spells              Type           Power        Failure   Level  Hunger
a - Flame Tongue          Conj/Fire      #####        1%          1    None
b - Conjure Flame         Conj/Fire      #####...     1%          3    ###....


Dungeon Overview and Level Annotations

Branches:
Dungeon (5/15)             Temple (0/1) D:5

Altars:

Annotations:
D:4 Robin


Message History

The jackal bites you but does no damage.
Unknown command.
The giant frog skeleton hits you.
Unknown command.
Casting: Flame Tongue
Confirm with . or Enter, or press ? or * to list all spells.
Aiming: Flame Tongue
Press: ? - help, Shift-Dir - straight line, f - giant frog skeleton
Aim: a giant frog skeleton The flame tongue hits the giant frog skeleton.
The giant frog skeleton hits you.
* * * LOW HITPOINT WARNING * * *
Unknown command.
Unknown command.
Read which item? (? for menu, Esc to quit)
Okay, then.
You hit the giant frog skeleton but do no damage.
The giant frog skeleton hits you but does no damage.
The giant frog skeleton hits you.
You die...

.# .. .#####.######
............# ##.
..≈≈≈≈≈....... #@# ....
≈≈≈≈≈≈≈≈≈....###Z#.....
≈≈≈≈≈≈≈≈≈≈≈....hoZ.Z....
≈≈≈≈≈≈≈≈≈≈≈≈.......##...
≈≈≈...≈≈≈≈≈≈.......#
≈≈≈.>.≈≈≈≈≈≈.......#
≈≈≈...≈≈≈≈≈≈..........
≈≈≈≈≈≈≈≈≈≈≈.....##.##.
≈≈≈≈≈≈≈≈≈.......# ... .


You could see an orc, a jackal, a jackal skeleton and a giant frog skeleton.

Vanquished Creatures
  An iguana (D:4)
  An adder (D:2)
  An orc (D:5)
  A giant cockroach (D:2)
  6 goblins
  2 hobgoblins
  A jackal (D:5)
  A kobold (D:3)
  3 bats
  A rat (D:1)
18 creatures vanquished.

Notes
Turn   | Place    | Note
--------------------------------------------------------------
     0 | D:1      | 4thArraOfDagon the Deep Elf Fire Elementalist began the quest for the Orb.
     0 | D:1      | Reached XP level 1. HP: 10/10 MP: 6/6
   119 | D:2      | Reached XP level 2. HP: 15/15 MP: 4/8
   176 | D:2      | You fall through a shaft for 2 floors!
   194 | D:4      | Reached skill level 4 in Fire Magic
   194 | D:4      | Reached XP level 3. HP: 8/19 MP: 3/9
   199 | D:4      | Learned a level 3 spell: Conjure Flame
   305 | D:4      | Noticed Robin
   346 | D:5      | Entered Level 5 of the Dungeon
   360 | D:5      | Found a staircase to the Ecumenical Temple.
   389 | D:5      | Slain by a giant frog skeleton

Vault maps used:
D:1:      sevenhm_arrival_forest_fort_large_2
D:3:      overflow_temple_1_default, nemelex_deck,
          lemuel_coloured_pillars_altar, ecumenical_altar_1,
          hangedman_decor_peaks_small, uniq_purgy, uniq_terence
D:4:      guppyfry_shop_venom, uniq_robin
D:5:      kennysheep_vampire_church, lemuel_doored_altar, temple_pool_b,
          first_bread

Skill      XL: |  1  2 |
---------------+-------+-----
Conjurations   | 2 |  2.9
Fire Magic     | 4 |  4.2
Dodging        | |  2.4
Stealth        | |  2.4
Spellcasting   | |  3.0

Action                   || total
-------------------------++-------
Melee: Trident           ||    15
 Cast: Flame Tongue      ||    33
       Conjure Flame     ||     1
  Use: Potion            ||     4
Armor: Robe              ||    26
Dodge: Dodged            ||    32
